 Dungeon Crawl Stone Soup version 0.30.1-1-g62c8e00024 (webtiles) character file.

Game seed: 2745602328368255250

2697 booth the Cleaver (level 9, -1/72 HPs)
             Began as a Gnoll Reaver on July 15, 2023.
             Was an Initiate of Ashenzari.
             Succumbed to an orange demon's poison
             ... on level 8 of the Dungeon.
             The game lasted 00:58:38 (8062 turns).

booth the Cleaver (Gnoll Reaver)                    Turns: 8062, Time: 00:58:39

Health: -1/72      AC:  8    Str: 21    XL:     9   Next: 65%
Magic:  20/20      EV: 15    Int: 12    God:    Ashenzari [......]
Gold:   149        SH:  0    Dex: 14    Spells: 2/23 levels left

rFire   + + .        t - +1 hand axe "Pes Verph" {heavy, +Blink rF+ Dex+2 Stlth+}
rCold   + + .        (no shield)
rNeg    . . .        i - +0 steam dragon scales
rPois   +            (no helmet)
rElec   +            (no cloak)
rCorr   +            (no gloves)
SInv    .            x - +1 pair of boots
Will    .....        (no amulet)
Stlth   ++++         d - ring "Enlightened Irritation" {Str+6, Bglg, Alch} (curse)
HPRegen 0.32/turn    q - ring of protection from cold
MPRegen 0.17/turn

%: no passive effects
@: lethally poisoned (-1 -> -15), resistant
A: fangs 1, strong nose, distributed training
a: Renounce Religion, Evoke Blink, Shatter the Chains


You were on level 8 of the Dungeon.
You worshipped Ashenzari.
Ashenzari was noncommittal.
You visited 2 branches of the dungeon, and saw 9 of its levels.

You collected 350 gold pieces.
You spent 201 gold pieces at shops.

Inventory:

Hand Weapons
 r - a +0 quarterstaff
 t - the +1 hand axe "Pes Verph" (weapon) {heavy, +Blink rF+ Dex+2 Stlth+}
   (You bought it in a shop on level 5 of the Dungeon)

   Dex:       It affects your dexterity (+2).
   rF:        It protects you from fire.
   +Blink:    It lets you blink.
   Stlth:     It makes you more stealthy.
Missiles
 h - a throwing net
 u - 5 boomerangs (quivered)
Armour
 b - a +1 leather armour
 c - a +0 ring mail
 i - +0 steam dragon scales (worn)
 x - a +1 pair of boots (worn)
 A - the +0 chain mail of Infinity {Str+3 Int+3}
   (You found it on level 7 of the Dungeon)

   Str:       It affects your strength (+3).
   Int:       It affects your intelligence (+3).
Jewellery
 d - the cursed ring "Enlightened Irritation" (left hand) {Str+6, Bglg, Alch}
   (You found it on level 1 of the Dungeon)

   [ring of strength]

   Str:       It affects your strength (+6).
   It has a curse which improves the following skills: Beguiling: Conjurations,
   Hexes and Translocations.
   Alchemy:   Poison Magic and Transmutations.
 n - a +6 ring of dexterity
 q - a ring of protection from cold (right hand)
Wands
 v - a wand of polymorph (12)
Scrolls
 g - 2 scrolls of blinking
 s - 3 scrolls of teleportation
 w - a scroll of amnesia
 y - a scroll of summoning {unknown}
Potions
 a - 3 potions of curing
 e - a potion of mutation
 f - a potion of might
 j - a potion of haste
 k - 2 potions of attraction
 l - 2 potions of magic
 m - 2 potions of ambrosia
 o - 2 potions of lignification


   Skills:
 + Level 7.2 Fighting
 + Level 5.5 Short Blades
 + Level 5.5 Long Blades
 + Level 8.6 Axes
 + Level 5.5 Maces & Flails
 + Level 5.5 Polearms
 + Level 5.5 Staves
 + Level 5.5 Ranged Weapons
 + Level 5.5 Throwing
 + Level 5.5 Armour
 + Level 7.2 Dodging
 + Level 5.5 Stealth
 + Level 5.5 Shields
 + Level 5.5 Unarmed Combat
 + Level 7.5 Spellcasting
 + Level 7.2(7.6) Conjurations
 + Level 4.5(4.9) Hexes
 + Level 4.5 Summonings
 + Level 4.5 Necromancy
 + Level 4.5(4.9) Translocations
 + Level 4.5(4.9) Transmutations
 + Level 4.5 Fire Magic
 + Level 4.5 Ice Magic
 + Level 4.5 Air Magic
 + Level 4.5 Earth Magic
 + Level 4.5(4.9) Poison Magic
 + Level 6.0 Invocations
 + Level 5.5 Evocations


You had 2 spell levels left.
You knew the following spells:

 Your Spells              Type           Power      Damage    Failure   Level
a - Kiss of Death         Conj/Necr      76%        2d11      1%          1
b - Momentum Strike       Conj/Tloc      38%        3d9       1%          2
c - Hailstorm             Conj/Ice       19%        3d6       3%          3
d - Inner Flame           Hex/Fire       15%        N/A       7%          3
e - Flame Wave            Conj/Fire      19%        2d7       13%         4
f - Sticky Flame          Conj/Fire      19%        2d4       13%         4
g - Olgreb's Toxic Radia  Pois           16%        N/A       21%         4

Your spell library contained the following spells:

 Spells                   Type           Power      Damage    Failure   Level
 Beastly Appendage        Tmut           32%        N/A       1%          1
 Necrotise                Necr           60%        1d7       2%          1
 Lesser Beckoning         Tloc           32%        N/A       3%          2
 Wereblood                Tmut           16%        N/A       3%          2
 Gell's Gravitas          Tloc           16%        N/A       6%          3
 Teleport Other           Tloc           16%        N/A       6%          3
 Tukima's Dance           Hex            16%        N/A       6%          3
 Vampiric Draining        Necr           15%        2d7       7%          3
 Passage of Golubria      Tloc           16%        N/A       21%         4
 Animate Armour           Summ/Erth      30%        N/A       24%         4
 Yara's Violent Unravell  Hex/Tmut       8%         3d5       50%         5
 Agony                    Necr           15%        N/A       54%         5
 Discord                  Hex            8%         N/A       100%        8
 Ignition                 Fire           7%         3d5       100%        8
 Summon Horrible Things   Summ           7%         N/A       100%        8


Dungeon Overview and Level Annotations

Branches:
Dungeon (8/15)             Temple (1/1) D:7
   Lair: D:8-11

Altars:
Ashenzari
Cheibriados
Elyvilon
Fedhas
Gozag
Hepliaklqana
Makhleb
Nemelex Xobeh
Okawaru
Ru
Sif Muna
Trog
Uskayaw
Vehumet
Wu Jian
Xom
Zin
The Shining One

Shops:
D:5 (   D:6 *

Annotations:
D:8 Amaemon


Innate Abilities, Weirdness & Mutations

You have very sharp teeth.
Your uncanny sense of smell can sniff out nearby items.
Your experience applies equally to all skills.


Message History

You see here 15 gold pieces.
You now have 149 gold pieces (gained 15).
The centaur shoots an arrow.
The arrow hits you!
The centaur shoots an arrow.
The arrow hits you.
Amaemon shouts!
The centaur shoots an arrow.
The arrow hits you!
The centaur shoots an arrow.
The arrow barely misses you.
The centaur shoots an arrow.
The arrow hits you!
The centaur shoots an arrow.
The arrow barely misses you.
You feel protected.
You slash the centaur!
The centaur is heavily wounded.
The centaur unwields a +0 shortbow.
The centaur hits you.
The centaur kicks you but does no damage.
The centaur misses you. x2
You barely miss the centaur.
The centaur is heavily wounded.
The centaur hits you. The centaur misses you.
The orange demon stings you from afar! The centaur hits you.
The centaur kicks you but does no damage.
You hit the centaur. You bite the centaur, but do no damage.
The centaur is severely wounded.
The centaur hits you but does no damage.
The centaur barely misses you. The orange demon stings you from afar!
You are lethally poisoned!
The orange demon poisons you! The centaur barely misses you.
The centaur misses you.
You slash the centaur!
You kill the centaur!
* * * LOW HITPOINT WARNING * * *
You feel extremely sick. The orange demon stings you from afar.
* * * LOW HITPOINT WARNING * * *
Amaemon misses you. Amaemon closely misses you. Amaemon barely misses you.
The orange demon stings you from afar!
* * * LOW HITPOINT WARNING * * *
* * * LOW HITPOINT WARNING * * *
You feel very sick.
Amaemon casts a spell.
You die...

.$# #. #.#######
###. #.#..<..#
#.....###.#.#@#.#
#.##..#.....#.#.#
#.....#.#...#.#.#
#...#<....#.#6#.#
#.......c.6..s#.#
#.....#.#4##.##.#
#...#...#.##....#
#.. #.#.#.##.####
# #.....#4##.#


You could see Amaemon and a scorpion (summoned).

Vanquished Creatures
  Prince Ribbit (D:5)
  2 steam dragons
  Menkaure (D:4)
  An orc warrior (D:7)
  A water moccasin (D:6)
  A sky beast (D:6)
  3 ogres
  2 centaurs
  A phantom (D:5)
  2 bullfrogs
  A gnoll sergeant (D:5)
  3 scorpions
  An electric eel (D:7)
  A howler monkey (D:7)
  6 hounds
  3 orc priests
  A jelly (D:5)
  2 sleepcaps
  Jessica (D:2)
  2 iguanas
  5 orc wizards
  9 gnolls
  6 adders
  A shadow imp (D:7)
  2 white imps
  2 ufetubi
  4 worms
  3 dart slugs
  17 orcs
  5 ball pythons
  8 bats
  4 endoplasms
  3 giant cockroaches
  3 goblins
  8 hobgoblins
  5 quokkas
  4 frilled lizards (D:1)
  7 kobolds
  6 rats
138 creatures vanquished.

Notes
Turn   | Place    | Note
-------+----------+-------------------------------------------
     0 | D:1      | booth the Gnoll Reaver began the quest for the Orb.
     0 | D:1      | Reached XP level 1. HP: 20/20 MP: 6/6
   247 | D:1      | Reached XP level 2. HP: 26/26 MP: 7/7
   250 | D:1      | Learned a level 2 spell: Momentum Strike
   627 | D:2      | Reached skill level 5 in Spellcasting
   627 | D:2      | Reached XP level 3. HP: 28/31 MP: 7/9
   695 | D:2      | Found a faded altar of an unknown god.
   788 | D:2      | Noticed Jessica
   806 | D:2      | Killed Jessica
   807 | D:2      | Reached skill level 1 in Short Blades
   807 | D:2      | Reached skill level 1 in Long Blades
   807 | D:2      | Reached skill level 1 in Maces & Flails
   807 | D:2      | Reached skill level 1 in Polearms
   807 | D:2      | Reached skill level 1 in Staves
   807 | D:2      | Reached skill level 1 in Ranged Weapons
   807 | D:2      | Reached skill level 1 in Throwing
   807 | D:2      | Reached skill level 1 in Armour
   807 | D:2      | Reached skill level 1 in Stealth
   807 | D:2      | Reached skill level 1 in Shields
   807 | D:2      | Reached skill level 1 in Unarmed Combat
   807 | D:2      | Reached skill level 1 in Invocations
   807 | D:2      | Reached skill level 1 in Evocations
   961 | D:2      | Reached XP level 4. HP: 36/38 MP: 11/11
  1726 | D:2      | Reached skill level 7 in Axes
  1726 | D:2      | Reached XP level 5. HP: 47/47 MP: 12/14
  1731 | D:2      | Learned a level 3 spell: Hailstorm
  1735 | D:2      | Learned a level 3 spell: Inner Flame
  1740 | D:2      | Learned a level 4 spell: Flame Wave
  1745 | D:2      | Learned a level 4 spell: Sticky Flame
  1792 | D:3      | Found a glowing golden altar of the Shining One.
  2830 | D:4      | Reached XP level 6. HP: 33/53 MP: 15/15
  2928 | D:4      | Reached skill level 8 in Axes
  3055 | D:4      | Noticed Menkaure
  3072 | D:4      | Killed Menkaure
  3468 | D:4      | Reached XP level 7. HP: 59/59 MP: 17/17
  3495 | D:4      | Reached skill level 5 in Invocations
  4246 | D:5      | Entered Level 5 of the Dungeon
  4260 | D:5      | Found Lanoetu's Antique Weapon Shoppe.
  4375 | D:5      | Bought a fine hand axe for 168 gold pieces
  4375 | D:5      | Identified the +1 hand axe "Pes Verph" {heavy, +Blink rF+
                  | Dex+2 Stlth+} (You bought it in a shop on level 5 of the
                  | Dungeon)
  4681 | D:5      | Noticed Prince Ribbit
  4708 | D:5      | Killed Prince Ribbit
  4709 | D:5      | Reached XP level 8. HP: 35/55 MP: 18/18
  5349 | D:6      | Found a glowing silver altar of Zin.
  5391 | D:6      | Learned a level 4 spell: Olgreb's Toxic Radiance
  5455 | D:6      | Reached skill level 5 in Short Blades
  5455 | D:6      | Reached skill level 5 in Long Blades
  5455 | D:6      | Reached skill level 5 in Maces & Flails
  5455 | D:6      | Reached skill level 5 in Polearms
  5455 | D:6      | Reached skill level 5 in Staves
  5455 | D:6      | Reached skill level 5 in Ranged Weapons
  5455 | D:6      | Reached skill level 5 in Throwing
  5455 | D:6      | Reached skill level 5 in Armour
  5455 | D:6      | Reached skill level 5 in Stealth
  5455 | D:6      | Reached skill level 5 in Shields
  5455 | D:6      | Reached skill level 5 in Unarmed Combat
  5455 | D:6      | Reached skill level 5 in Evocations
  5818 | D:6      | Got the Encyclopedia of Amassed Moulding
  5885 | D:6      | Reached XP level 9. HP: 53/56 MP: 19/19
  6102 | D:6      | Found Toemm's General Store.
  6107 | D:6      | Bought a potion of curing for 33 gold pieces
  6818 | D:7      | Found a bloodstained altar of Trog.
  7080 | D:7      | Found a staircase to the Ecumenical Temple.
  7232 | Temple   | Entered the Ecumenical Temple
  7316 | Temple   | Became a worshipper of Ashenzari the Shackled
  7488 | D:7      | Found a hazy altar of Hepliaklqana.
  7592 | D:7      | Identified the +0 chain mail of Infinity {Str+3 Int+3}
  7648 | D:7      | Identified the +0 dagger of Wedwim {flame, rElec rCorr
                  | Str+4 Dex-5}
  8040 | D:8      | Noticed an orange demon
  8040 | D:8      | Noticed Amaemon
  8061 | D:8      | HP: 2/72 [poisoned by an orange demon]
  8062 | D:8      | Succumbed to an orange demon's poison

Illustrated notes

Levels and vault maps discovered:
D:1:      elethiomel_arrival_shortcut, layout_rooms
D:2:      layout_basic, ebering_ecumenical_altar_hall, grunt_ministairs_5,
          hex_tiny, uniq_jessica
D:3:      layout_basic, lemuel_round_altar
D:4:      layout_basic, serial_forest, infiniplex_forest_lined_room_,
          infiniplex_forest_clump_tiny, infiniplex_forest_end_2,
          infiniplex_forest_straight_3, infiniplex_forest_clump_large,
          uniq_menkaure
D:5:      layout_rooms, serial_shops, shop, grunt_ministairs_2,
          columned_hall_lemuel, hangedman_abyss_or_decor_passed,
          chequers_serial_rivers_small_3, uniq_prince_ribbit1
D:6:      layout_loops_ring, lemuel_crystal_altar, serial_shops,
          nicolae_shop_hallway_stairs, minmay_door_square
D:7:      statuecave_lemuel, layout_rooms, nicolae_hepliaklqana_hazy_memory,
          mainiacjoe_overflow_concentric_impassable,
          minmay_temple_entry_statues_pillars
D:8:      layout_basic, lemuel_crystal_altar, david_lair_shrubbed, serial_shops,
          shop, nicolae_shop_i_like_small_books_too, corexii_leaking_fountain,
          minmay_between, uniq_psyche, uniq_maggie, uniq_amaemon
Temple:   jpeg_temple_clearing

Skill      XL: |  1  2  3  4  5  6  7  8  9 |
---------------+----------------------------+-----
Spellcasting   | 5 6 7 |  7.5
Short Blades   | 1 4 5 |  5.5
Long Blades    | 1 4 5 |  5.5
Maces & Flails | 1 4 5 |  5.5
Polearms       | 1 4 5 |  5.5
Staves         | 1 4 5 |  5.5
Ranged Weapons | 1 4 5 |  5.5
Throwing       | 1 4 5 |  5.5
Armour         | 1 4 5 |  5.5
Stealth        | 1 4 5 |  5.5
Shields        | 1 4 5 |  5.5
Unarmed Combat | 1 4 5 |  5.5
Invocations    | 1 4 5 6 |  6.0
Evocations     | 1 4 5 |  5.5
Fighting       | 6 7 |  7.2
Axes           | 7 8 |  8.6
Dodging        | 6 7 |  7.2
Conjurations   | 6 7 |  7.2
Hexes          | 3 4 |  4.5
Summonings     | 3 4 |  4.5
Necromancy     | 3 4 |  4.5
Translocations | 3 4 |  4.5
Transmutations | 3 4 |  4.5
Fire Magic     | 3 4 |  4.5
Ice Magic      | 3 4 |  4.5
Air Magic      | 3 4 |  4.5
Earth Magic    | 3 4 |  4.5
Poison Magic   | 3 4 |  4.5

Action                     |  1- 3 |  4- 6 |  7- 9 || total
---------------------------+-------+-------+-------++-------
  Melee: Hand axe          |    66 |   124 |   224 ||   414
         Bite              |     5 |    11 |    25 ||    41
         Punch             |       |     9 |     5 ||    14
  Throw: Boomerang         |       |     3 |    50 ||    53
   Cast: Flame Wave        |       |     1 |     2 ||     3
         Momentum Strike   |       |     1 |       ||     1
         Kiss of Death     |       |       |     4 ||     4
 Invoke: Curse Item        |       |       |     1 ||     1
    Use: Scroll            |     3 |     3 |     7 ||    13
         Potion            |       |     3 |     4 ||     7
   Stab: Sleeping          |     1 |     2 |     6 ||     9
 Armour: Leather armour    |     9 |    13 |    23 ||    45
         Steam dragon scal |       |       |    22 ||    22
  Dodge: Dodged            |    32 |    80 |   172 ||   284
